Map: Oxide LE

Players

Nice

  • Race: Protoss Protoss

DPGRogue (Rogue) - Winner!

  • Race: Zerg Zerg

Event: DreamHack SC2 Masters 2021 Summer

VOD

Have the link to the VOD?

Description

Time

  • Played on: July 2, 2021, 1:04 p.m.
  • Length: 10:57

All games in this series

Show
View Real Time Build Order
Export as new Build Order

Nice Protoss 

Build Orders: 1 Gate Expand, Oracle Opening 

Get SALT Encoding   

  12  0:00  Probe  
  13  0:12  Probe  
  14  0:19  Pylon  
  14  0:24  Probe  
  15  0:37  Probe (Chrono Boost)  
  15  0:41  Gateway  
  16  0:49  Probe (Chrono Boost)  
  17  0:50  Assimilator  
  17  0:54  Probe (Chrono Boost)  
  18  1:03  Probe  
  19  1:15  Probe  
  20  1:27  Nexus  
  20  1:37  Cybernetics Core  
  20  1:42  Assimilator  
  20  1:44  Probe  
  21  1:52  Pylon  
  21  1:57  Probe  
  22  2:09  Probe  
  22  2:10  Adept (Chrono Boost)  
  25  2:21  Probe  
  26  2:23  Stargate  
  26  2:33  Adept, Probe (Chrono Boost)  
  26  2:35  Warp Gate  
  29  2:40  Probe (Chrono Boost)  
  30  2:45  Probe (Chrono Boost)  
  30  2:51  Probe (Chrono Boost)  
  32  2:53  Probe (Chrono Boost)  
  32  2:55  Probe (Chrono Boost)  
  32  2:56  Gateway  
  34  2:59  Probe, Void Ray (Chrono Boost)  
  35  3:12  Probe  
  39  3:14  Probe  
  39  3:19  Pylon  
  40  3:24  Probe  
  40  3:26  Probe  
  42  3:33  Oracle (Chrono Boost)  
  42  3:36  Probe  
  42  3:38  Probe  
  47  3:48  Probe  
  47  3:50  Probe  
  49  3:59  Pylon, Void Ray  
  49  4:00  Probe  
  48  4:04  Probe  
  52  4:12  Probe  
  52  4:16  Probe, Nexus  
  54  4:19  Shield Battery  
  54  4:23  Assimilator  
  54  4:24  Probe  
  54  4:26  Assimilator  
  54  4:28  Probe  
  56  4:34  Adept x2  
  56  4:37  Probe  
  61  4:40  Probe  
  62  4:54  Forge  
  62  4:58  Pylon  
  62  5:02  Pylon  
  62  5:07  Void Ray (Chrono Boost)  
  62  5:09  Probe x2  
  62  5:12  Stargate  
  62  5:13  Shield Battery  
  62  5:14  Pylon  
  60  5:20  Pylon, Protoss Air Weapons Level 1 (Chrono Boost)  
  60  5:21  Probe x2  
  66  5:33  Probe x2  
  66  5:34  Probe  
  69  5:37  Void Ray (Chrono Boost)  
  69  5:43  Robotics Facility, Photon Cannon  
  69  5:48  Probe x3 (Chrono Boost)  
  76  5:53  Void Ray  
  79  5:58  Probe x3 (Chrono Boost)  
  83  6:05  Probe x3 (Chrono Boost)  
  86  6:11  Assimilator, Probe x2  
  86  6:12  Pylon  
  86  6:13  Assimilator  
  86  6:14  Probe  
  86  6:15  Stargate  
  89  6:23  Void Ray  
  89  6:24  Probe x2  
  91  6:26  Probe  
  91  6:27  Pylon  
  96  6:32  Pylon  
  96  6:34  Fleet Beacon  
  96  6:38  Observer (Chrono Boost)  
  97  6:41  Photon Cannon  
  97  6:42  Void Ray  
  97  6:43  Photon Cannon  
  97  6:53  Void Ray  
  105  7:08  Robotics Bay  
  105  7:10  Photon Cannon  
  105  7:12  Pylon, Photon Cannon  
  105  7:14  Void Ray  
  109  7:26  Pylon  
  109  7:30  Nexus  
  109  7:31  Void Ray (Chrono Boost)  
  109  7:35  Probe  
  109  7:36  Flux Vanes  
  109  7:39  Probe x2, Protoss Air Weapons Level 2 (Chrono Boost)  
  115  7:47  Probe  
  115  7:51  Probe x2  
  117  7:52  Disruptor (Chrono Boost)  
  121  7:59  Probe  
  121  8:00  Shield Battery  
  121  8:01  Shield Battery  
  121  8:02  Pylon, Observer  
  121  8:03  Photon Cannon  
  119  8:10  Probe  
  119  8:11  Probe  
  127  8:13  Carrier (Chrono Boost)  
  127  8:16  Assimilator  
  127  8:17  Assimilator  
  127  8:19  Pylon  
  127  8:21  Carrier (Chrono Boost)  
  127  8:22  Pylon  
  133  8:40  Carrier (Chrono Boost)  
  135  8:56  Stargate, Probe x3  
  135  9:02  Void Ray  
  142  9:13  Stalker x2  
  146  9:18  Void Ray  
  140  9:30  Disruptor  
  143  9:34  Shield Battery  
  143  9:35  Shield Battery  
  145  9:38  Shield Battery  
  145  9:40  Pylon  
  149  9:48  Stargate  
  137  9:56  Stargate  
  137  9:57  Stargate, Void Ray  
  137  9:58  Stalker x2  
  142  10:07  Stargate  
  142  10:11  Pylon  
  142  10:12  Pylon  
  145  10:18  Pylon  
  149  10:22  Shield Battery  
  149  10:24  Photon Cannon  
  149  10:25  Pylon  
  141  10:32  Stalker x2  
  145  10:37  Photon Cannon  
  145  10:39  Photon Cannon  
Show
View Real Time Build Order
Export as new Build Order

DPGRogue Zerg - Winner!

Build Orders: Hatch First 

Get SALT Encoding   

  12  0:00  Drone  
  13  0:12  Overlord  
  13  0:17  Drone  
  14  0:31  Drone  
  15  0:42  Drone x2  
  17  0:53  Hatchery  
  17  0:55  Drone  
  17  0:59  Drone  
  18  1:09  Extractor  
  17  1:14  Spawning Pool  
  17  1:16  Drone  
  17  1:20  Drone  
  18  1:28  Drone  
  19  1:38  Overlord  
  19  1:50  Drone  
  20  2:00  Queen  
  20  2:01  Zergling x2  
  23  2:04  Queen  
  23  2:05  Zergling x2  
  26  2:11  Drone  
  26  2:12  Metabolic Boost  
  27  2:17  Drone  
  27  2:22  Drone  
  29  2:27  Drone  
  30  2:32  Drone  
  31  2:42  Hatchery  
  31  2:43  Zergling x2  
  31  2:45  Drone  
  32  2:52  Queen  
  32  2:57  Overlord  
  34  2:59  Drone  
  34  3:04  Drone  
  35  3:15  Drone x4  
  35  3:16  Drone  
  35  3:18  Queen  
  42  3:25  Spore Crawler  
  42  3:26  Overlord  
  41  3:29  Drone  
  41  3:31  Drone  
  43  3:38  Overlord  
  43  3:45  Overlord  
  43  3:47  Drone  
  43  3:48  Drone x3  
  47  3:54  Drone  
  47  3:55  Drone  
  49  3:56  Drone  
  49  3:58  Queen  
  49  4:01  Drone x3  
  54  4:06  Spore Crawler  
  54  4:08  Drone x2  
  54  4:10  Drone  
  54  4:15  Queen, Drone  
  58  4:17  Extractor  
  58  4:18  Drone  
  58  4:22  Drone  
  59  4:24  Spore Crawler  
  59  4:26  Overlord  
  59  4:30  Drone  
  59  4:31  Drone x5  
  63  4:32  Drone  
  63  4:36  Lair  
  65  4:44  Overlord  
  65  4:46  Drone x5  
  65  4:48  Extractor  
  65  4:52  Zergling x2  
  70  4:53  Roach Warren  
  70  4:54  Zergling x4  
  70  4:58  Evolution Chamber  
  70  4:59  Queen  
  70  5:05  Drone  
  70  5:06  Drone x4  
  75  5:11  Drone x2  
  75  5:12  Drone  
  77  5:14  Drone x2  
  78  5:21  Overlord  
  78  5:23  Queen, Zerg Missile Weapons Level 1  
  78  5:27  Drone x2  
  78  5:28  Extractor  
  80  5:32  Extractor  
  80  5:33  Extractor  
  79  5:35  Drone  
  79  5:36  Drone x3, Pneumatized Carapace  
  79  5:39  Overseer  
  79  5:42  Zergling x2  
  81  5:43  Drone x2  
  81  5:46  Queen  
  81  5:49  Hatchery  
  84  5:52  Overlord  
  84  5:55  Drone x2  
  86  5:58  Overlord, Glial Reconstitution  
  86  6:03  Overlord  
  86  6:10  Overlord  
  86  6:11  Drone x7  
  87  6:15  Queen  
  95  6:18  Queen  
  95  6:23  Drone  
  95  6:24  Spire  
  97  6:26  Drone  
  97  6:27  Zergling x2  
  97  6:30  Overlord  
  99  6:35  Drone x5  
  99  6:37  Extractor x2, Drone x2  
  104  6:47  Zergling x14  
  104  6:51  Overlord  
  111  6:55  Queen  
  111  6:56  Overlord  
  113  7:02  Queen  
  115  7:13  Drone  
  115  7:14  Infestation Pit  
  115  7:16  Overlord  
  115  7:18  Drone  
  115  7:22  Overlord  
  116  7:26  Zerg Missile Weapons Level 2  
  116  7:27  Drone  
  116  7:28  Drone x2  
  119  7:39  Zerg Flyer Weapons Level 1  
  117  7:44  Hatchery  
  116  7:56  Hive  
  116  8:01  Corruptor  
  116  8:02  Corruptor x12  
  116  8:04  Overseer  
  142  8:07  Corruptor x2  
  142  8:10  Corruptor  
  148  8:15  Corruptor x2  
  152  8:23  Corruptor x2  
  156  8:38  Overlord  
  156  8:41  Hatchery, Overlord x2  
  156  8:47  Overlord  
  155  8:56  Overlord x2  
  155  9:00  Corruptor x6  
  167  9:05  Corruptor x2  
  171  9:15  Corruptor  
  171  9:16  Corruptor  
  173  9:25  Corruptor x2  
  177  9:31  Corruptor  
  177  9:38  Corruptor  
  177  9:45  Corruptor  
  175  9:52  Corruptor  
  174  9:55  Drone x4  
  174  9:56  Extractor x2, Drone  
  174  9:59  Corruptor  
  179  10:01  Zergling x2  
  179  10:02  Zergling x18  
  179  10:04  Overlord  
  191  10:08  Hydralisk Den  
  184  10:17  Corruptor x2  
  188  10:22  Corruptor  
  186  10:39  Zergling x2  
Tags
 
Add a new tag
Caveats
  • Supply blocks, unpowered buildings, or Contaminate may cause inaccurate times.
  • Supply counts are checked every 10 seconds.